 Dungeon Crawl Stone Soup version 0.24.0-123-gd5b16e6ec5 (webtiles) character file.

Game seed: 7637922781102860801, levelgen mode: deterministic

297 plexdo the Caller (level 6, -2/43 HPs)
             Began as a Human Summoner on Dec 19, 2019.
             Was a Follower of Zin.
             Slain by a scorpion (7 damage)
             ... in an ossuary on Dec 22, 2019.
             The game lasted 00:27:57 (4640 turns).

plexdo the Caller (Human Summoner)                  Turns: 4640, Time: 00:27:58

Health: -2/43      AC:  3    Str:  8    XL:     6   Next: 62%
Magic:  6/10       EV: 12    Int: 17    God:    Zin [*.....]
Gold:   54         SH:  0    Dex: 14    Spells: 1/11 levels left

rFire    . . .     SeeInvis .   l - +0 spear
rCold    . . .     Gourm    .   (no shield)
rNeg     . . .     Faith    .   g - +0 leather armour
rPois    .         Spirit   .   (no helmet)
rElec    .         Reflect  .   (no cloak)
rCorr    +         Harm     .   (no gloves)
MR       .....                  (no boots)
Stlth    ++........             (no amulet)
HPRegen  0.14/turn              (no ring)
MPRegen  0.12/turn              m - ring of resist corrosion

@: very slightly contaminated
A: no striking features
a: Recite, Donate Gold, Renounce Religion


You were in an ossuary.
You worshipped Zin.
Zin was aware of your devotion.
You were hungry.

You visited 1 branch of the dungeon, and saw 5 of its levels.
You also visited: Ossuary.

You collected 159 gold pieces.
You spent 90 gold pieces at shops.
You donated 15 gold pieces to Zin.

Inventory:

Hand Weapons
 l - a +0 spear (weapon)
Missiles
 d - 10 poisoned darts
 f - 82 stones (quivered)
Armour
 g - a +0 leather armour (worn)
Jewellery
 m - a ring of resist corrosion (right hand)
Potions
 e - a potion of degeneration {unknown}
 h - a potion of heal wounds {unknown}
 i - a potion of magic {unknown}
 j - 2 potions of mutation {unknown}
 k - 2 potions of brilliance {unknown}
Comestibles
 c - 8 rations


   Skills:
 - Level 1.5 Fighting
   Level 1.3 Maces & Flails
 * Level 1.5 Polearms
 * Level 1.3 Throwing
 + Level 0.9 Armour
 * Level 2.4 Dodging
 + Level 2.3 Stealth
 + Level 0.4 Unarmed Combat
 * Level 3.0 Spellcasting
 * Level 5.1 Summonings
 + Level 1.1 Invocations


You had one spell level left.
You knew the following spells:

 Your Spells              Type           Power        Failure   Level  Hunger
a - Summon Small Mammal   Summ           ###.         3%          1    None
b - Call Imp              Summ           ###.....     4%          2    ##.....
c - Call Canine Familiar  Summ           ###.....     9%          3    ###....
d - Summon Lightning Spi  Summ/Air       ##......     63%         4    ####...

Your spell library contained the following spells:

 Spells                   Type           Power        Failure   Level  Hunger
 Summon Guardian Golem    Hex/Summ       ##......     26%         3    ###....
 Summon Ice Beast         Ice/Summ       ##......     63%         4    ####...


Dungeon Overview and Level Annotations

Branches:
Dungeon (5/15)            Ossuary (1/1)
 Temple: D:4-7

Altars:
Zin


Message History

The scorpion barely misses you.
Your quokka bites the scorpion but does no damage.
Your hound closely misses the scorpion.
The centaur zombie closely misses you.
You hit the scorpion.
The scorpion is lightly wounded.
Your hound bites the scorpion but does no damage.
The scorpion stings you!
* * * LOW HITPOINT WARNING * * *
You are lethally poisoned!
The scorpion poisons you!
Your quokka barely misses the scorpion.
The centaur zombie misses you.
Your hound closely misses the scorpion.
You feel better.
Your quokka barely misses the scorpion.
The scorpion closely misses you. The centaur zombie hits you!
* * * LOW HITPOINT WARNING * * *
Your hound bites the scorpion but does no damage.
Your quokka bites the scorpion.
You swap places.
The centaur zombie hits you but does no damage.
Your hound barely misses the scorpion.
The scorpion stings you!
You die...

############ #########
.....#.....# #...#...#
.....#....(+ #.∩.'.∩.#
.....8.....# #...#...#
...........##+###'######
...........#?!.#...#...#
##8.....8###..!#...8...#
.........Zh#M!!#.......#
.........s@######8...8##
.....8...r.#^^^#.......#
.....#.....'^^^#...8...#
s....#.....#^^^#...#...#
#+## ########'#######'##
#...#...#^^^#
#...8...'^^^#
#.......#^^^#
##8...8######


You could see a scorpion, a centaur zombie, a friendly hound and a friendly
quokka.

Vanquished Creatures
  Natasha (D:2)
  Terence (D:2)
  An adder (D:2)
  2 dart slugs (D:1)
  2 leopard geckos
  3 giant cockroaches
  4 goblins
  5 hobgoblins
  2 quokkas
  10 bats
  2 frilled lizards
  A kobold (D:1)
  An orc zombie (Ossuary)
  8 rats
43 creatures vanquished.

Vanquished Creatures (collateral kills)
  Grinder (D:3)
  A human zombie (Ossuary)
  Natasha (twice) (D:2)
  3 adders
  A scorpion zombie (Ossuary)
  A shadow imp (D:4)
  An ooze (D:1)
  2 dart slugs (D:1)
  A giant cockroach (D:1)
  3 goblins
  A hobgoblin (D:1)
  2 jackals (D:1)
  A frilled lizard (D:1)
  2 hobgoblin zombies (Ossuary)
  3 kobolds (D:1)
  A kobold zombie (Ossuary)
  A rat (D:1)
27 creatures vanquished.

Grand Total: 70 creatures vanquished

Notes
Turn   | Place    | Note
-------+----------+-------------------------------------------
     0 | D:1      | plexdo the Human Summoner began the quest for the Orb.
     0 | D:1      | Reached XP level 1. HP: 13/13 MP: 3/3
    98 | D:1      | Reached XP level 2. HP: 15/20 MP: 3/5
   215 | D:1      | Learned a level 2 spell: Call Imp
   719 | D:1      | Reached skill level 1 in Fighting
   719 | D:1      | Reached XP level 3. HP: 22/26 MP: 6/6
   772 | D:1      | Learned a level 3 spell: Call Canine Familiar
  2087 | D:2      | Found Zin's Purification Station.
  2087 | D:2      | Noticed Natasha
  2106 | D:2      | Killed Natasha
  2106 | D:2      | Reached XP level 4. HP: 20/32 MP: 1/7
  2247 | D:2      | Found a glowing silver altar of Zin.
  2265 | D:2      | Became a worshipper of Zin the Law-Giver
  2265 | D:2      | Reached * piety under Zin
  2269 | D:2      | Bought a potion of curing for 90 gold pieces
  2519 | D:2      | Noticed Natasha
  2531 | D:2      | Killed Natasha
  2531 | D:2      | Reached skill level 1 in Maces & Flails
  3091 | D:2      | Noticed Natasha
  3097 | D:2      | Killed Natasha
  3097 | D:2      | Reached XP level 5. HP: 31/37 MP: 3/8
  3195 | D:2      | Noticed Terence
  3225 | D:2      | Killed Terence
  3784 | D:3      | Noticed Grinder
  3830 | D:3      | Killed Grinder
  3830 | D:3      | Reached skill level 1 in Polearms
  3830 | D:3      | Reached skill level 1 in Throwing
  3830 | D:3      | Reached skill level 1 in Invocations
  3830 | D:3      | Reached XP level 6. HP: 20/43 MP: 1/10
  4192 | D:3      | You fall into a shaft and drop 2 floors!
  4192 | D:5      | Entered Level 5 of the Dungeon
  4236 | D:4      | Found a sand-covered staircase.
  4244 | Ossuary  | Entered an ossuary
  4279 | Ossuary  | Reached skill level 5 in Summonings
  4465 | Ossuary  | Learned a level 4 spell: Summon Lightning Spire
  4640 | Ossuary  | Slain by a scorpion

Levels and vault maps discovered:
D:1:      giann_bridges, layout_loops_ring, minmay_close_crescents
D:2:      layout_loops_corners, zin_purify, uniq_terence, uniq_natasha
D:3:      layout_loops_ring, ebering_ghost_sewer_f, hangedman_feature_mirror,
          nicolae_ru_great_annihilating_truth, uniq_grinder
D:4:      layout_rooms, minmay_temple_entry_fiery, first_ration,
          chequers_ossuary_entry_cave
D:5:      layout_rooms, uniq_blork_the_orc
Ossuary:  ossuary_minmay_scorpions

Skill      XL: |  1  2  3  4  5  6 |
---------------+-------------------+-----
Fighting       | 1 |  1.5
Maces & Flails | 1 |  1.3
Polearms       | 1 |  1.5
Throwing       | 1 |  1.3
Spellcasting   | 3 |  3.0
Invocations    | 1 |  1.1
Summonings     | 5 |  5.1
Armour         | |  0.9
Dodging        | |  2.4
Stealth        | |  2.3
Unarmed Combat | |  0.4

Action                   |  1- 3 |  4- 6 || total
-------------------------+-------+-------++-------
Melee: Unarmed           |    41 |       ||    41
       Club              |    95 |    10 ||   105
       Spear             |       |   113 ||   113
       Flail             |       |    11 ||    11
Throw: Stone             |    16 |    32 ||    48
       Dart              |       |     3 ||     3
 Cast: Summon Small Mamm |    24 |    10 ||    34
       Call Canine Famil |     4 |    12 ||    16
Invok: Recite            |       |     1 ||     1
  Use: Scroll            |     1 |     2 ||     3
       Potion            |       |     1 ||     1
 Stab: Sleeping          |     1 |     4 ||     5
       Distracted        |     1 |     2 ||     3
  Eat: Chunk             |     4 |     6 ||    10
       Ration            |       |     1 ||     1
Armor: Robe              |    38 |       ||    38
       Leather armour    |     4 |    18 ||    22
Dodge: Dodged            |   107 |    55 ||   162
